 Dungeon Crawl Stone Soup version 0.29-a0-234-g0dae59b3db (webtiles) character file.

Game seed: 15740023206494339829

408 Hubjo the Sneak (level 6, -2/36 HPs)
             Began as a Vampire Enchanter on Mar 2, 2022.
             Was an Initiate of Yredelemnul.
             Slain by an orc wizard
             ... wielding a +0 dagger
              (4 damage)
             ... on level 4 of the Dungeon.
             The game lasted 00:06:23 (2511 turns).

Hubjo the Sneak (Vampire Enchanter)                 Turns: 2511, Time: 00:06:23

Health: -2/36      AC:  3    Str: 13    XL:     6   Next: 57%
Magic:  9/9        EV: 13    Int: 20    God:    Yredelemnul [......]
Gold:   173        SH:  0    Dex: 17    Spells: 4/9 levels left

rFire   + + .      SeeInvis +   m - +4 dagger "Veux" {vamp, rF+ rC+ Int+3}
rCold   + + +      Faith    .   (no shield)
rNeg    + + +      Spirit   .   b - +0 robe
rPois   ∞          Reflect  .   (no helmet)
rElec   .          Harm     .   s - scarf {rC+ rF+}
rCorr   .          Rampage  .   d - +0 pair of gloves
Will    .....                   (no boots)
Stlth   ++++++....              (no amulet)
HPRegen 0.00/turn               l - +6 ring of strength
MPRegen 0.11/turn               (no ring)

@: bloodless, inhibited regen
A: bloodless, fangs 3, see invisible, vampiric 2
a: Bat Form, Revivify, Renounce Religion, Recall Undead Harvest


You were on level 4 of the Dungeon.
You worshipped Yredelemnul.
Yredelemnul was noncommittal.
You visited 1 branch of the dungeon, and saw 4 of its levels.

You collected 173 gold pieces.

Inventory:

Hand Weapons
 a - a +3 dagger
 m - the +4 dagger "Veux" (weapon) {vamp, rF+ rC+ Int+3}
   (You found it on level 2 of the Dungeon)

   It occasionally heals its wielder for a portion of the damage dealt when it
   wounds a living foe.
   Int:       It affects your intelligence (+3).
   rF:        It protects you from fire.
   rC:        It protects you from cold.
 o - a +2 vorpal falchion
Armour
 b - a +0 robe (worn)
 d - a +0 pair of gloves (worn)
 i - a scarf of repulsion
 s - a scarf of resistance (worn)
Jewellery
 l - a +6 ring of strength (left hand)
 x - a ring of flight
 y - an amulet of the acrobat
Wands
 z - a wand of charming (3)
Scrolls
 e - a scroll of magic mapping {unknown}
 f - a scroll of enchant weapon
 h - 2 scrolls of immolation
 k - a scroll of teleportation {unknown}
 n - a scroll of summoning {unknown}
 q - 3 scrolls of identify
 t - a scroll of vulnerability {unknown}
 u - a scroll of holy word {unknown}
 v - a scroll of enchant armour {unknown}
 w - a scroll of amnesia {unknown}
Potions
 c - a potion of invisibility
 g - a potion of flight {unknown}
 j - a potion of might {unknown}
 p - 3 potions of curing
 r - 2 potions of attraction {unknown}


   Skills:
 * Level 2.9 Fighting
 + Level 2.9 Short Blades
 + Level 3.5 Dodging
 * Level 7.2 Stealth
 - Level 2.0 Spellcasting
 + Level 5.8 Hexes


You had 4 spell levels left.
You knew the following spells:

 Your Spells              Type           Power      Damage    Failure   Level
a - Tukima's Dance        Hex            25%        N/A       4%          3
b - Ensorcelled Hibernat  Hex/Ice        26%        N/A       8%          2

Your spell library contained the following spells:

 Spells                   Type           Power      Damage    Failure   Level
 Confusing Touch          Hex            25%        N/A       4%          3
 Dazzling Flash           Conj/Hex       26%        N/A       14%         3
 Shock                    Conj/Air       8%         1d3       16%         1
 Swiftness                Air            2%         N/A       43%         3
 Airstrike                Air            1%         N/A       83%         4


Dungeon Overview and Level Annotations

Branches:
Dungeon (4/15)
 Temple: D:4-7

Altars:
Yredelemnul


Innate Abilities, Weirdness & Mutations

You do not regenerate when monsters are visible.
You are frail without blood (-20% HP).
You can heal yourself when you bite living creatures.
You are immune to poison.
You have razor-sharp teeth.
You have supernaturally acute eyesight. (SInv)
You are afflicted with vampirism and can become a bat while bloodless.


Message History

You are confused.
Are you sure you want to stumble around while confused and next to your quokka zombie? [Y]es or [N]o only, please.
Are you sure you want to stumble around while confused and next to your quokka zombie? [Y]es or [N]o only, please.
Are you sure you want to stumble around while confused and next to your quokka zombie?
You bump into the rock wall.
The orc wizard barely misses you.
Are you sure you want to stumble around while confused and next to your quokka zombie?
You bump into the rock wall.
The orc wizard hits you but does no damage.
Are you sure you want to stumble around while confused and next to your quokka zombie?
You're too confused to move!
The orc wizard hits you with a +0 dagger.
* * * LOW HITPOINT WARNING * * *
Are you sure you want to stumble around while confused and next to your quokka zombie?
You barely miss your quokka zombie.
The quokka zombie bites you but does no damage.
You bump into the rock wall.
The orc wizard hits you with a +0 dagger.
* * * LOW HITPOINT WARNING * * *
The quokka zombie closely misses you.
You're too confused to move!
You feel less confused.
The orc wizard hits you with a +0 dagger.
* * * LOW HITPOINT WARNING * * *
The quokka zombie barely misses you.
You barely miss the quokka zombie. Your bite misses the quokka zombie.
The orc wizard hits you but does no damage.
The quokka zombie closely misses you.
You hit the quokka zombie.
The quokka zombie is lightly damaged.
The orc wizard hits you with a +0 dagger.
* * * LOW HITPOINT WARNING * * *
The quokka zombie bites you but does no damage.
As you read the scroll labelled XUNTEM OMMY, it crumbles to dust.
It is a scroll of identify.
p - 3 potions of curing The orc wizard hits you with a +0 dagger.
You die...
Yredelemnul claims you as an undead slave.

#....... ## #.....##
... #.....# # #.#
......# #. #.#
###...<# ##.# #.#
#.#.## #.#...# #.#
#......####.#####
......ooo@Z)....#
#....[.####.###.#
..#...# ##.# #.##.#
#$.## # #.##.
###.#..##.#### #.##
..###........
#.#######.#..##.####
#.#####.....#
#..###.#
#.......###.# ##.#
#.#


You could see 2 orc wizards, an orc and a quokka zombie.

Vanquished Creatures
  A sky beast (D:4)
  A phantom (D:4)
  A necrophage (D:3)
  An orc priest (D:3)
  8 adders
  2 dart slugs
  A worm (D:2)
  8 orcs
  6 ball pythons
  A bat (D:2)
  3 endoplasms
  4 giant cockroaches
  4 hobgoblins
  2 jackals (D:4)
  5 quokkas
  3 frilled lizards
  4 goblins
  4 kobolds
  3 rats
  A spectral orc (D:3)
63 creatures vanquished.

Vanquished Creatures (collateral kills)
  2 orcs (D:3)
  A bat (D:2)
3 creatures vanquished.

Vanquished Creatures (others)
  A ball python zombie (D:3)
  A giant cockroach zombie (D:3)
  2 goblin zombies
  A jackal zombie (D:4)
  2 orc zombies (D:3)
7 creatures vanquished.

Grand Total: 73 creatures vanquished

Notes
Turn   | Place    | Note
-------+----------+-------------------------------------------
     0 | D:1      | Hubjo the Vampire Enchanter began the quest for the Orb.
     0 | D:1      | Reached XP level 1. HP: 13/13 MP: 3/3
   235 | D:1      | Found a faded altar of an unknown god.
   249 | D:1      | Prayed at the altar of an unknown god.
   249 | D:1      | Became a worshipper of Yredelemnul the Dark
   249 | D:1      | Reached * piety under Yredelemnul
   709 | D:2      | Reached XP level 2. HP: 15/20 MP: 5/5
   790 | D:2      | Reached skill level 5 in Stealth
   845 | D:2      | Reached skill level 1 in Fighting
   996 | D:2      | Gained mutation: You are afflicted with vampirism and can
                  | become a bat while bloodless. [Vampire growth]
   996 | D:2      | Reached XP level 3. HP: 26/26 MP: 6/6
  1000 | D:2      | Identified the +4 dagger "Veux" {vamp, rF+ rC+ Int+3}
  1013 | D:2      | Reached ** piety under Yredelemnul
  1649 | D:3      | Noticed a necrophage
  1653 | D:3      | Reached XP level 4. HP: 28/32 MP: 7/7
  1662 | D:3      | Reached skill level 5 in Hexes
  1690 | D:3      | Killed a necrophage
  1691 | D:3      | Reached skill level 6 in Stealth
  1691 | D:3      | Reached XP level 5. HP: 16/38 MP: 8/8
  1957 | D:3      | Found a basalt altar of Yredelemnul.
  2339 | D:3      | Learned a level 3 spell: Tukima's Dance
  2342 | D:3      | Learned a level 2 spell: Ensorcelled Hibernation
  2365 | D:4      | Noticed a phantom
  2366 | D:4      | Killed a phantom
  2367 | D:4      | Reached XP level 6. HP: 36/36 MP: 9/9
  2419 | D:4      | Noticed a sky beast
  2424 | D:4      | Killed a sky beast
  2425 | D:4      | Reached skill level 7 in Stealth
  2511 | D:4      | Slain by an orc wizard

Illustrated notes

Levels and vault maps discovered:
D:1:      amcnicky_arrival_choice, layout_loops_cross,
          dreamdust_ecumenical_altar_statues,
          hangedman_abyss_or_decor_lesser_grid, minmay_liquid_box
D:2:      layout_loops_ring, chequers_avenue
D:3:      layout_rooms, yredelemnul_forgotten_temple_becter
D:4:      gammafunk_steamed_eel, layout_loops_ring

Skill      XL: |  1  2  3  4  5  6 |
---------------+-------------------+-----
Stealth        | 5 6 7 |  7.2
Fighting       | 1 2 |  2.9
Hexes          | 5 |  5.8
Short Blades   | 2 |  2.9
Dodging        | 3 |  3.5
Spellcasting   | |  2.0

Action                   |  1- 3 |  4- 6 || total
-------------------------+-------+-------++-------
Melee: Dagger            |    66 |    75 ||   141
       Bite              |     4 |     8 ||    12
       Punch             |     1 |       ||     1
 Abil: Exsanguinate      |       |     1 ||     1
  Use: Scroll            |     3 |     1 ||     4
 Stab: Sleeping          |    15 |    12 ||    27
       Distracted        |       |     1 ||     1
Armor: Robe              |    18 |    13 ||    31
Dodge: Dodged            |    41 |    50 ||    91

Table legend: (Time is in decaauts)
 A = Elapsed time spent in this place.
 B = Non-inter-level travel time spent in this place.
 C = Inter-level travel time spent in this place.
 D = Time resting spent in this place.
 E = Time spent auto-exploring this place.
 F = Levels seen in this place.
 G = Mean time per level.
                   A        B        C        D        E       F      G
               +--------+--------+--------+--------+--------+-----+--------+
         Total |   2493 |   2385 |    108 |      0 |   1792 |   4 |  623.2 |
       Dungeon |   2493 |   2385 |    108 |      0 |   1792 |   4 |  623.2 |
               +--------+--------+--------+--------+--------+-----+--------+

Top non-repeatable levels by time:
     D:2: 956 daAuts
     D:3: 726 daAuts
     D:1: 650 daAuts
     D:4: 160 daAuts
